 Dungeon Crawl Stone Soup version 0.31.0-9-g3a7656b989 (webtiles) character file.

Game seed: 7969315898503117167

364 inmateoo the Protected (level 6, 0/51 HPs)
             Began as a Gnoll Wanderer on Jan 24, 2024.
             Succumbed to a kobold brigand's curare-tipped dart
             ... on level 6 of the Dungeon.
             The game lasted 00:03:59 (2225 turns).

inmateoo the Protected (Gnoll Wanderer)             Turns: 2225, Time: 00:04:00

Health: 0/51       AC: 10    Str: 14    XL:     6   Next: 67%
Magic:  9/9        EV: 10    Int: 11    God:
Gold:   103        SH:  0    Dex: 11    Spells: 9/9 levels left

rFire   . .          .
                       - Unarmed
rCold   . . .        (no shield)
rNeg    . . .        e - +2 scale mail
rPois   .            (no helmet)
rElec   .            (no cloak)
rCorr   .            (no gloves)
SInv    .            (no boots)
Will    .....        (no amulet) Stlth
                     (no ring)
HPRegen 0.28/turn    (no ring)
MPRegen 0.11/turn

%: no passive effects
@: lethally poisoned (0 -> -5), attractive
A: fangs 1, strong nose, distributed training
a: no special abilities


You were on level 6 of the Dungeon.
You visited 1 branch of the dungeon, and saw 4 of its levels.

You collected 173 gold pieces.
You spent 70 gold pieces at shops.

Inventory:

Hand Weapons
 a - a +0 spear of venom
 n - a +3 dagger of venom
 v - a +1 short sword of electrocution
Missiles
 l - 2 boomerangs
 p - 3 poisoned darts (quivered)
Armour
 e - a +2 scale mail (worn)
Jewellery
 k - a ring of ice
Scrolls
 c - 3 scrolls of teleportation
 d - 2 scrolls of fog
 f - 3 scrolls of identify {unknown}
 g - 2 scrolls of enchant weapon {unknown}
 h - 2 scrolls of enchant armour {unknown}
 j - a scroll of vulnerability {unknown}
 r - a scroll of acquirement {unknown}
 u - a scroll of blinking {unknown}
Potions
 b - 2 potions of lignification
 i - a potion of enlightenment {unknown}
 o - a potion of brilliance
 t - a potion of might {unknown}


   Skills:
 + Level 5.0 Fighting
 + Level 2.1 Short Blades
 + Level 2.1 Long Blades
 + Level 2.1 Axes
 + Level 2.1 Maces & Flails
 + Level 2.1 Polearms
 + Level 2.1 Staves
 + Level 2.1 Ranged Weapons
 + Level 2.1 Throwing
 + Level 10.6 Armour
 + Level 2.1 Dodging
 + Level 2.1 Stealth
 + Level 2.1 Shields
 + Level 5.0 Unarmed Combat
 + Level 2.1 Spellcasting
 + Level 1.7 Conjurations
 + Level 1.7 Hexes
 + Level 1.7 Summonings
 + Level 1.7 Necromancy
 + Level 1.7 Translocations
 + Level 1.7 Fire Magic
 + Level 1.7 Ice Magic
 + Level 1.7 Air Magic
 + Level 1.7 Earth Magic
 + Level 1.7 Alchemy
 + Level 2.3 Invocations
 + Level 3.3 Evocations
 + Level 1.9 Shapeshifting


You had 9 spell levels left.
You didn't know any spells.
Your spell library was empty.

Dungeon Overview and Level Annotations

Branches:
Dungeon (6/15)
 Temple: D:4-7

Altars:

Shops:
D:2 !

Annotations:
D:6 3 runed translucent doors


Innate Abilities, Weirdness & Mutations

You have very sharp teeth.
Your uncanny sense of smell can sniff out nearby items.
Your experience applies equally to all skills.


Message History

A kobold comes into view. It is wielding a +4 short sword.
You feel much better.
You feel extremely sick.
The kobold brigand throws a curare-tipped dart.
The curare-tipped dart barely misses you.
It was a potion of brilliance.
You feel clever all of a sudden.
You feel extremely sick.
The kobold throws a stone.
The stone hits you but does no damage.
A kobold comes into view. It is wielding a +0 dagger.
It was a potion of attraction.
You feel attractive to monsters.
* * * LOW HITPOINT WARNING * * *
You feel very sick.
The kobold brigand throws a curare-tipped dart.
The curare-tipped dart closely misses you.
The kobold throws a stone.
The stone closely misses you. The kobold is attracted toward you.
You turn into a tree.
Your +2 scale mail melds into your body.
Your roots penetrate the ground.
You feel very sick.
The kobold brigand hits you with a +1 whip of electrocution.
* * * LOW HITPOINT WARNING * * *
Your +3 dagger of venom stops dripping with poison.
You are now empty-handed.
You feel sick.
The kobold hits you but does no damage. x2; The kobold is attracted toward you.
You smack the kobold brigand!
You kill the kobold brigand!
You feel sick.
The kobold hits you with a +4 short sword.
* * * LOW HITPOINT WARNING * * *
The kobold hits you but does no damage. x2
It was a potion of cancellation.
Your magical effects are unravelling.
You feel magically purged.
You feel less wooden.
Your +2 scale mail unmelds from your body.
You feel yourself speed up.
You feel a little less clever now.
You die...

.........# #..... #
.........####+###...#
...............##...###+##
.....................#....
>....................#....
#............##...##....
##......##....##...##....
....(...K##.#####........#
.......§K@..)............#
.##..##.K).##...###...##..
#.. #...###.#.#[#.#.###.
... #...###...#.#...###.
... #......###...###)†.. #
#.#..#.#[#.#.#.#.#..
##.##.#.[..##.#.#.##....
#.......###..#.#.#..###.
#.......#)..#.#.#.#..(#.


You could see 3 kobolds.

Vanquished Creatures
  An ogre (D:6)
  A phantom (D:6)
  A kobold brigand (D:6)
  A scorpion (D:6)
  4 adders
  A dart slug (D:2)
  A ribbon worm (D:3)
  9 orcs
  5 bats
  3 endoplasms
  2 giant cockroaches
  A goblin (D:1)
  3 hobgoblins
  2 jackals (D:2)
  A ball python (D:2)
  3 frilled lizards
  3 kobolds
42 creatures vanquished.

Notes
Turn   | Place    | Note
-------+----------+-------------------------------------------
     0 | D:1      | Reached skill level 10 in Armour
     0 | D:1      | inmateoo the Gnoll Wanderer began the quest for the Orb.
     0 | D:1      | inmateoo set off with the following items: a +0 club, a
                  | potion of lignification, a scroll of teleportation, a
                  | scroll of fog, a +2 scale mail.
     0 | D:1      | Reached XP level 1. HP: 20/20 MP: 1/1
   243 | D:1      | Reached XP level 2. HP: 25/26 MP: 2/2
   713 | D:2      | Reached XP level 3. HP: 20/31 MP: 3/3
   941 | D:2      | Reached skill level 1 in Invocations
   954 | D:2      | Found Wasm's Distillery.
   970 | D:2      | Bought a potion of heal wounds for 70 gold pieces
  1055 | D:2      | Found a faded altar of an unknown god.
  1072 | D:2      | Found a faded altar of an unknown god.
  1306 | D:3      | Reached skill level 1 in Short Blades
  1306 | D:3      | Reached skill level 1 in Long Blades
  1306 | D:3      | Reached skill level 1 in Axes
  1306 | D:3      | Reached skill level 1 in Maces & Flails
  1306 | D:3      | Reached skill level 1 in Polearms
  1306 | D:3      | Reached skill level 1 in Staves
  1306 | D:3      | Reached skill level 1 in Ranged Weapons
  1306 | D:3      | Reached skill level 1 in Throwing
  1306 | D:3      | Reached skill level 1 in Dodging
  1306 | D:3      | Reached skill level 1 in Stealth
  1306 | D:3      | Reached skill level 1 in Shields
  1306 | D:3      | Reached skill level 1 in Spellcasting
  1320 | D:3      | Reached skill level 1 in Shapeshifting
  1320 | D:3      | Reached XP level 4. HP: 38/38 MP: 5/5
  1844 | D:3      | You fall into a shaft and drop 3 floors!
  1844 | D:6      | Found a runed translucent gate.
  1844 | D:6      | Found a runed translucent gate.
  1844 | D:6      | Found a runed translucent gate.
  1869 | D:6      | Noticed an ogre
  1869 | D:6      | Noticed a scorpion
  1883 | D:6      | Killed an ogre
  1884 | D:6      | Reached skill level 1 in Conjurations
  1884 | D:6      | Reached skill level 1 in Hexes
  1884 | D:6      | Reached skill level 1 in Summonings
  1884 | D:6      | Reached skill level 1 in Necromancy
  1884 | D:6      | Reached skill level 1 in Translocations
  1884 | D:6      | Reached skill level 1 in Fire Magic
  1884 | D:6      | Reached skill level 1 in Ice Magic
  1884 | D:6      | Reached skill level 1 in Air Magic
  1884 | D:6      | Reached skill level 1 in Earth Magic
  1884 | D:6      | Reached skill level 1 in Alchemy
  1884 | D:6      | Reached XP level 5. HP: 17/43 MP: 5/7
  1920 | D:6      | Reached XP level 6. HP: 31/50 MP: 8/8
  2140 | D:6      | Reached skill level 5 in Fighting
  2140 | D:6      | Reached skill level 5 in Unarmed Combat
  2224 | D:6      | HP: 2/76 [kobold/+4 short sword (6)]
  2225 | D:6      | Succumbed to a kobold brigand's curare-tipped dart

Illustrated notes

Levels and vault maps discovered:
D:1:      dpeg_arrival_round_c, layout_rooms
D:2:      layout_basic, serial_shops, nicolae_shop_industrial_runoff,
          hellmonk_ecumenical_altar_the_god_not_taken,
          chequers_serial_rivers_micro_c, wad_orctagon
D:3:      layout_loops_ring, serial_bayou_lagoon_b
D:6:      layout_gridville, gammafunk_ghost_cemetery, minmay_starry_boxes

Skill      XL: |  1  2  3  4  5  6 |
---------------+-------------------+-----
Armour         | | 10.6
Invocations    | 1 2 |  2.3
Short Blades   | 1 2 |  2.1
Long Blades    | 1 2 |  2.1
Axes           | 1 2 |  2.1
Maces & Flails | 1 2 |  2.1
Polearms       | 1 2 |  2.1
Staves         | 1 2 |  2.1
Ranged Weapons | 1 2 |  2.1
Throwing       | 1 2 |  2.1
Dodging        | 1 2 |  2.1
Stealth        | 1 2 |  2.1
Shields        | 1 2 |  2.1
Spellcasting   | 1 2 |  2.1
Shapeshifting  | 1 |  1.9
Conjurations   | 1 |  1.7
Hexes          | 1 |  1.7
Summonings     | 1 |  1.7
Necromancy     | 1 |  1.7
Translocations | 1 |  1.7
Fire Magic     | 1 |  1.7
Ice Magic      | 1 |  1.7
Air Magic      | 1 |  1.7
Earth Magic    | 1 |  1.7
Alchemy        | 1 |  1.7
Evocations     | 3 |  3.3
Fighting       | 5 |  5.0
Unarmed Combat | 5 |  5.0

Action                     |  1- 3 |  4- 6 || total
---------------------------+-------+-------++-------
  Melee: Unarmed           |    12 |     1 ||    13
         Trident           |    52 |       ||    52
         Bite              |     3 |     3 ||     6
         Dagger            |    18 |    55 ||    73
         Punch             |       |     1 ||     1
   Fire: Sling             |    20 |       ||    20
  Throw: Boomerang         |     2 |     5 ||     7
         Dart              |       |     9 ||     9
    Use: Potion            |       |     5 ||     5
 Armour: Scale mail        |    72 |    40 ||   112
         Skin              |       |     6 ||     6
  Dodge: Dodged            |    43 |    19 ||    62
